 Dungeon Crawl Stone Soup version 0.26-a0-651-gb41185065b (webtiles) character file.

Game seed: 9998414437384244157

126 kae the Ruffian (level 4, 0/35 HPs)
             Began as a Draconian Transmuter on Oct 28, 2020.
             Slain by an orc priest
             ... wielding a +0 morningstar
              (9 damage)
             ... on level 3 of the Dungeon.
             The game lasted 00:01:31 (2334 turns).

kae the Ruffian (Draconian Transmuter)              Turns: 2334, Time: 00:01:31

Health: 0/35       AC:  5    Str: 14    XL:     4   Next: 83%
Magic:  2/7        EV: 12    Int: 13    God:
Gold:   164        SH:  0    Dex: 11    Spells: 3/7 levels left

rFire    + . .     SeeInvis .     - Unarmed
rCold    + . .     Faith    .   (no shield)
rNeg     . . .     Spirit   .   (armour unavailable)
rPois    +         Reflect  .   (helmet restricted)
rElec    +         Harm     .   (no cloak)
rCorr    +         Rampage  .   (no gloves)
MR       .....                  (no boots)
Stlth    +.........             (no amulet)
HPRegen  0.11/turn              (no ring)
MPRegen  0.10/turn              (no ring)

@: lethally poisoned (0 -> -3), about to teleport, resistant, stab
A: unfitting armour, cold-blooded, AC +5
a: no special abilities


You were on level 3 of the Dungeon.
You visited 1 branch of the dungeon, and saw 3 of its levels.

You collected 164 gold pieces.

Inventory:

Jewellery
 a - an uncursed ring of positive energy {unknown}
 l - a cursed ring of attention {unknown}
Wands
 j - a wand of polymorph (7)
Scrolls
 b - 4 scrolls of identify
 c - 3 scrolls of remove curse
 e - a scroll of teleportation
 g - 2 scrolls of magic mapping {unknown}
 h - 2 scrolls of amnesia {unknown}
 i - a scroll of enchant armour {unknown}


   Skills:
 - Level 1.1 Fighting
 - Level 1.7 Dodging
 + Level 4.8 Unarmed Combat
 - Level 2.0 Spellcasting
 + Level 3.4 Transmutations


You had 3 spell levels left.
You knew the following spells:

 Your Spells              Type           Power        Failure   Level
a - Beastly Appendage     Tmut           ##....       6%          1
b - Spider Form           Tmut/Pois      #.........   36%         3

Your spell library contained the following spells:

 Spells                   Type           Power        Failure   Level
 Wereblood                Tmut           ##......     10%         2
 Ice Form                 Ice/Tmut       #.......     77%         4
 Blade Hands              Tmut           ##........   86%         5


Dungeon Overview and Level Annotations

Branches:
Dungeon (3/15)

Altars:
Ru
Yredelemnul


Innate Abilities, Weirdness & Mutations

Your plain brown scales are hard. (AC +5)
You cannot fit into any form of body armour.
You are cold-blooded and may be slowed by cold attacks.


Message History

Your transformation has ended.
The giant cockroach barely misses you. The adder bites you.
You are poisoned.
The adder poisons you!
The orc priest hits you with a +0 morningstar.
* * * LOW HITPOINT WARNING * * *
The orc hits you but does no damage.
Okay, then.
As you read the scroll labeled YNAEVE CUTT, it crumbles to dust.
It is a scroll of identify.
c - 3 scrolls of remove curse You feel sick.
The giant cockroach bites you but does no damage.
The adder barely misses you. The orc hits you but does no damage.
As you read the scroll labeled URRIXZ UBRUOM, it crumbles to dust.
You feel strangely unstable.
It was a scroll of teleportation.
The giant cockroach bites you but does no damage.
The adder misses you.
The orc priest hits you with a +0 morningstar!
You die...

##.....# #.....
######.# #.....#
.......#######.....#
.####.............#
#.............#
#.............# (
#.............# ..
+...).........# o..
#..........s@o# ....
#...........So# .....
#............o#......
#.........§...)......
#.##.#+#........≈....
#.#..#....§§≈≈≈...§.§
# #.#####...§≈###§#≈.
#. ..§.≈≈#§ §≈≈.
##.....#≈⌠ #≈§


You could see an orc priest, an adder, 2 orcs and a giant cockroach.

Vanquished Creatures
  An orc priest (D:3)
  4 adders
  3 worms
  A leopard gecko (D:1)
  An orc (D:3)
  10 bats
  4 giant cockroaches (D:1)
  4 goblins
  4 hobgoblins
  4 jackals (D:1)
  5 kobolds
  2 quokkas (D:2)
  2 frilled lizards (D:1)
  3 rats
48 creatures vanquished.

Notes
Turn   | Place    | Note
-------+----------+-------------------------------------------
     0 | D:1      | kae the Draconian Transmuter began the quest for the Orb.
     0 | D:1      | Reached XP level 1. HP: 16/16 MP: 3/3
   141 | D:1      | Reached XP level 2. HP: 21/23 MP: 3/5
   705 | D:1      | Reached XP level 3. HP: 28/28 MP: 6/6
   710 | D:1      | Learned a level 3 spell: Spider Form
   947 | D:2      | Reached skill level 4 in Unarmed Combat
  1351 | D:2      | Reached XP level 4. HP: 28/35 MP: 7/7
  1449 | D:2      | Found a basalt altar of Yredelemnul.
  1449 | D:2      | Found a sacrificial altar of Ru.
  1964 | D:3      | Found a faded altar of an unknown god.
  2334 | D:3      | Slain by an orc priest

Illustrated notes

Levels and vault maps discovered:
D:1:      heliophobic_arrival_henge, layout_rooms
D:2:      layout_basic, amethyst_overflow_temple_binary,
          wad_floor_pattern_untrapped
D:3:      layout_basic, nicolae_qazlal_general_emergency,
          chequers_ecumenical_altar_simple_redux, minmay_misc_feat_doors,
          lemuel_altar_in_water

Skill      XL: |  1  2  3 |
---------------+----------+-----
Unarmed Combat | 4 |  4.8
Transmutations | 3 |  3.4
Fighting       | |  1.1
Dodging        | |  1.7
Spellcasting   | |  2.0

Action                   |  1- 3 |  4- 6 || total
-------------------------+-------+-------++-------
Melee: Unarmed           |   107 |    40 ||   147
       Headbutt          |     8 |     5 ||    13
       Kick              |    14 |     4 ||    18
       Tailslap          |     8 |     2 ||    10
       Punch             |     1 |     1 ||     2
 Cast: Beastly Appendage |    18 |     6 ||    24
       Spider Form       |       |     2 ||     2
  Use: Potion            |       |     3 ||     3
       Scroll            |       |     2 ||     2
Armor: Skin              |    55 |    14 ||    69
Dodge: Dodged            |   110 |    49 ||   159

Table legend: (Time is in decaauts)
 A = Elapsed time spent in this place.
 B = Non-inter-level travel time spent in this place.
 C = Inter-level travel time spent in this place.
 D = Time resting spent in this place.
 E = Time spent auto-exploring this place.
 F = Levels seen in this place.
 G = Mean time per level.
                   A        B        C        D        E       F      G
               +--------+--------+--------+--------+--------+-----+--------+
         Total |   2323 |   2267 |     56 |    217 |   1690 |   3 |  774.3 |
       Dungeon |   2323 |   2267 |     56 |    217 |   1690 |   3 |  774.3 |
               +--------+--------+--------+--------+--------+-----+--------+

Top non-repeatable levels by time:
     D:2: 1182 daAuts
     D:1: 927 daAuts
     D:3: 214 daAuts
